 Dungeon Crawl Stone Soup version 0.23-a0-378-gd7a6ca6 (webtiles) character file.

9585 namelastname112 the Geomancer (level 11, -7/95 HPs)
             Began as a Purple Draconian Wanderer on Oct 27, 2018.
             Was a Priest of Sif Muna.
             Hit by a large rock thrown by a cyclops (42 damage)
             ... on level 11 of the Dungeon.
             The game lasted 00:23:04 (12333 turns).

namelastname112 the Geomancer (DrWn)               Turns: 12333, Time: 00:23:05

Health: -7/95      AC: 10    Str: 16    XL:     11   Next: 25%
Magic:  7/32       EV: 15    Int: 21    God:    Sif Muna [***...]
Gold:   622        SH:  0    Dex: 10    Spells: 14/27 levels left

rFire    + . .     SeeInvis .   G - +2 dagger of Disembowelment {pain, rF+ Int+4}
rCold    . . .     Gourm    .   (no shield)
rNeg     . . .     Faith    .   (armour unavailable)
rPois    .         Spirit   .   (helmet restricted)
rElec    .         Reflect  .   (no cloak)
rCorr    .         Harm     .   i - +1 pair of gloves
MR       +....                  l - +0 pair of boots
Stlth    +.........             L - amulet of rage
HPRegen  0.25/turn              I - ring of magical power
MPRegen  0.23/turn              q - +2 ring of strength

@: divine energy
A: breathe power, unfitting armour, cold-blooded, AC +7
a: Breathe Dispelling Energy, Stop Divine Energy, Channel Magic, Renounce
Religion, Evoke Berserk Rage


You were on level 11 of the Dungeon.
You worshipped Sif Muna.
Sif Muna was most pleased with you.
You were not hungry.

You visited 2 branches of the dungeon, and saw 12 of its levels.

You collected 622 gold pieces.

Inventory:

Hand Weapons
 b - a +1 short sword of chaos
 p - a +0 dagger of pain
 G - the +2 dagger of Disembowelment (weapon) {pain, rF+ Int+4}
   (You found it on level 9 of the Dungeon)

   In the hands of one skilled in necromantic magic, it inflicts extra damage on
   living creatures.
   It affects your intelligence (+4).
   It protects you from fire.
Missiles
 m - 125 stones (quivered)
Armour
 i - a +1 pair of gloves (worn)
 l - a +0 pair of boots (worn)
Jewellery
 c - an uncursed ring of flight
 q - a +2 ring of strength (right hand)
 D - an uncursed ring of fire
 I - a ring of magical power (left hand)
 L - an amulet of rage (around neck)
Wands
 t - a wand of polymorph (11)
 x - a wand of flame (9)
 y - a wand of paralysis (30)
 C - a wand of disintegration (23)
 H - a wand of enslavement (14)
Scrolls
 e - 7 scrolls of remove curse
 k - 2 scrolls of fog
 u - a scroll of fear
 w - 5 scrolls of teleportation
 A - a scroll of magic mapping
 J - 2 scrolls of amnesia
 K - a scroll of blinking
Potions
 a - a potion of resistance {unknown}
 f - 6 potions of curing
 g - 3 potions of mutation
 h - 2 potions of agility {unknown}
 j - a potion of invisibility {unknown}
 n - 2 potions of degeneration {unknown}
 o - a potion of berserk rage {unknown}
 r - a potion of ambrosia
 s - 2 potions of heal wounds
 v - a potion of cancellation {unknown}
 z - 3 potions of lignification
 B - 2 potions of flight
 M - a potion of haste {unknown}
Miscellaneous
 F - a fan of gales
Comestibles
 d - 21 rations


   Skills:
 + Level 8.8 Fighting
 - Level 1.0 Short Blades
 + Level 7.3 Dodging
 + Level 8.5 Spellcasting
   Level 1.2 Hexes
 * Level 9.9 Earth Magic
 + Level 6.7 Invocations
 - Level 2.1 Evocations


You had 14 spell levels left.
You knew the following spells:

 Your Spells              Type           Power        Failure   Level  Hunger
c - Stone Arrow           Conj/Erth      ####..       3%          3    None
d - Lee's Rapid Deconstr  Erth           ######....   3%          5    #####..
s - Petrify               Tmut/Erth      ####....     10%         4    ###....
z - Sandblast             Erth           ######       1%          1    None

Your spell library contained the following spells:

 Spells                   Type           Power        Failure   Level  Hunger
 Passwall                 Tmut/Erth      ####....     1%          2    None
 Bolt of Magma            Conj/Fire/Erth ###.......   47%         5    #####..
 Iron Shot                Conj/Erth      ####......   83%         6    ######.
 Iskenderun's Battlesphe  Conj/Chrm      #.......     91%         5    #####..
 Venom Bolt               Conj/Pois      #.........   91%         5    #####..
 Orb of Destruction       Conj           #.........   100%        7    #######
 Spellforged Servitor     Conj/Summ      #.........   100%        7    #######


Dungeon Overview and Level Annotations

Branches:
Dungeon (11/15)            Temple (1/1) D:5            Lair (0/6) D:8
    Orc (0/2) D:10

Altars:
Ashenzari
Cheibriados
Dithmenos
Elyvilon
Fedhas
Gozag
Kikubaaqudgha
Makhleb
Nemelex Xobeh
Okawaru
Qazlal
Ru
Sif Muna
Trog
Uskayaw
Wu Jian
Xom
Yredelemnul
Zin
The Shining One

Annotations:
D:3 1 runed door, TheNamelessOne's ghost, amateur HaFi


Innate Abilities, Weirdness & Mutations

You can breathe bolts of dispelling energy.
Your rich purple scales are hard. (AC +7)
You cannot fit into any form of body armour.
You are cold-blooded and may be slowed by cold attacks.


Message History

The centaur is moderately wounded.
The blast of rock fragments hits the centaur.
You kill the centaur!
Sif Muna accepts your kill.
You hear a shout!
You hear an angry hiss.
The centaur unwields a +0 shortbow.
The centaur hits you.
A centaur opens the door.
You take 5 damage, and have 54/95 hp.
You now have 7/32 mp.
The centaur wields a +0 shortbow.
The centaur shoots an arrow.
The arrow hits you!
The centaur wields a shortbow.
The centaur shoots an arrow.
The arrow hits you.
The centaur shoots an arrow.
The arrow hits you.
The centaur shoots an arrow.
The arrow hits you.
Found 18 gold pieces.
You see here 4 arrows.
You take 18 damage, and have 36/95 hp.
An adder and a cyclops come into view.
The adder hisses angrily.
The cyclops shouts!
The centaur shoots an arrow.
The arrow hits you.
The cyclops throws a large rock.
The large rock hits you!!!
You die...

.....
################
#....
#............... ....
+..<........... ..c
#..##.......... ..
#..........## .#
#......C...#######.#
#.........††††@()cc#
.....y##########c####
....... ...S. %...y..
.......# ..y....
#.......# .....
#.......# #.......#
#.....$.#


You could see a cyclops, 3 centaurs and an adder.

Vanquished Creatures
  A two-headed ogre (D:8)
  A tengu warrior (D:10)
  An unseen horror (D:10)
  A deep elf mage (D:8)
  The ghost of MisterFreud the Nimble, a novice FeTm of Uskayaw (D:9)
  2 trolls
  A hornet (D:10)
  3 hippogriffs
  3 yaks (D:10)
  2 wargs (D:8)
  A water moccasin (D:10)
  A black bear (D:11)
  4 orc warriors
  3 ice beasts
  6 ogres
  3 sky beasts
  3 centaurs
  A crocodile (D:7)
  4 bullfrogs
  A wyvern skeleton (D:9)
  3 scorpions
  4 wights (D:10)
  12 killer bees
  A howler monkey (D:5)
  8 crimson imps
  2 bullfrog zombies
  2 centaur skeletons
  9 hounds
  4 jellies
  5 orc priests
  3 iguanas
  9 orc wizards
  8 worker ants
  A hound zombie (D:6)
  2 worker ant zombies
  14 adders
  10 gnolls
  A howler monkey skeleton (D:8)
  2 shadow imps
  4 oozes
  An adder skeleton (D:7)
  A worm (D:2)
  A dart slug (D:2)
  5 leopard geckos
  36 orcs
  A bat (D:3)
  8 giant cockroaches
  8 goblins
  10 hobgoblins
  6 jackals
  3 quokkas
  4 frilled lizards
  A jackal skeleton (D:6)
  4 kobolds
  6 rats
242 creatures vanquished.

Vanquished Creatures (others)
  Blork the orc (D:4)
  An orc wizard (D:8)
  2 plants
4 creatures vanquished.

Grand Total: 246 creatures vanquished

Notes
Turn   | Place    | Note
-------+----------+-------------------------------------------
     0 | D:1      | namelastname112 the Draconian Wanderer began the quest for
                  | the Orb.
     0 | D:1      | namelastname112 set off with the following items: a +0
                  | short sword, a potion of lignification, a ration; and the
                  | following spell memorised: Sandblast; and the following
                  | spells available to memorise: Passwall, Stone Arrow,
                  | Petrify, Lee's Rapid Deconstruction
     0 | D:1      | Reached XP level 1. HP: 16/16 MP: 2/2
     6 | D:1      | You fall through a shaft!
   230 | D:2      | Reached XP level 2. HP: 11/24 MP: 1/3
   692 | D:1      | Reached XP level 3. HP: 16/29 MP: 5/5
  1987 | D:3      | Found an ancient bone altar of Kikubaaqudgha.
  2003 | D:3      | Reached XP level 4. HP: 37/37 MP: 6/6
  2048 | D:3      | Found a runed door.
  2049 | D:3      | Noticed TheNamelessOne's ghost (amateur HaFi)
  3071 | D:4      | Reached XP level 5. HP: 18/45 MP: 1/8
  3356 | D:4      | Noticed an ogre
  3384 | D:4      | Killed an ogre
  3384 | D:4      | Reached XP level 6. HP: 15/52 MP: 0/10
  3657 | D:4      | Noticed an ice beast
  3801 | D:4      | Killed an ice beast
  3898 | D:4      | Found a sparkling altar of Nemelex Xobeh.
  3981 | D:4      | Noticed Blork the orc
  4003 | D:4      | Killed Blork the orc
  4330 | D:4      | Your scales start taking on a rich purple colour.
  4330 | D:4      | Reached XP level 7. HP: 60/60 MP: 8/13
  4404 | D:4      | Learned a level 3 spell: Stone Arrow
  4522 | D:5      | Entered Level 5 of the Dungeon
  4551 | D:5      | Reached skill level 5 in Fighting
  4787 | D:5      | Reached skill level 5 in Spellcasting
  4787 | D:5      | Reached skill level 4 in Earth Magic
  4953 | D:5      | Found a staircase to the Ecumenical Temple.
  5078 | D:5      | Found a stormy altar of Qazlal.
  5286 | Temple   | Entered the Ecumenical Temple
  5387 | Temple   | Became a worshipper of Sif Muna the Loreminder
  5491 | D:6      | Reached XP level 8. HP: 58/69 MP: 3/15
  5508 | D:6      | Reached skill level 1 in Invocations
  5734 | D:6      | Reached skill level 5 in Earth Magic
  6002 | D:6      | Reached skill level 5 in Dodging
  6316 | D:7      | Reached * piety under Sif Muna
  6874 | D:7      | Reached skill level 6 in Earth Magic
  7237 | D:7      | Reached XP level 9. HP: 71/77 MP: 12/18
  7609 | D:7      | Learned a level 5 spell: Lee's Rapid Deconstruction
  7948 | D:7      | Reached skill level 7 in Earth Magic
  8038 | D:8      | Reached ** piety under Sif Muna
  8300 | D:8      | Noticed a troll
  8302 | D:8      | Noticed a two-headed ogre
  8310 | D:8      | Noticed a deep elf mage
  8320 | D:8      | Killed a troll
  8321 | D:8      | Killed a deep elf mage
  8321 | D:8      | Killed a two-headed ogre
  8321 | D:8      | Reached skill level 8 in Earth Magic
  8321 | D:8      | Reached XP level 10. HP: 73/86 MP: 0/20
  8458 | D:8      | Found a staircase to the Lair.
  8590 | D:8      | Reached skill level 5 in Invocations
  9123 | D:9      | Noticed MisterFreud's ghost (novice FeTm)
  9130 | D:9      | Found a runed door.
  9145 | D:9      | Killed MisterFreud's ghost
  9507 | D:9      | Got a steaming dagger
  9508 | D:9      | Identified the +2 dagger of Disembowelment {pain, rF+
                  | Int+4} (You found it on level 9 of the Dungeon)
  9555 | D:9      | Learned a level 4 spell: Petrify
 10225 | D:10     | Entered Level 10 of the Dungeon
 10415 | D:10     | Reached *** piety under Sif Muna
 10523 | D:10     | Reached skill level 9 in Earth Magic
 10638 | D:10     | Found a staircase to the Orcish Mines.
 10781 | D:10     | Noticed a tengu warrior
 10786 | D:10     | Killed a tengu warrior
 11093 | D:10     | Reached XP level 11. HP: 82/95 MP: 8/23
 12007 | D:10     | Killed an unseen horror
 12333 | D:11     | Hit by a large rock thrown by a cyclops

Vault maps used:
D:1:      dpeg_arrival_signposts
D:2:      serial_glass, glass_columns_a, glass_columns_c
D:3:      kiku_gazebo_garden_becter, first_ration, ebering_ghost_inner_flame,
          minmay_misc_feat_chi, corexii_corridor_pit
D:4:      nemelex_spade_bored_becter, uniq_blork_the_orc
D:5:      minmay_temple_entry_large_hall, grunt_qazlal_sundering
D:7:      nicolae_water_bricks
D:8:      erik_lair_orcish_takeover, guppyfry_early_elven_hall
D:9:      hellmonk_ghost_happy_afterlife
D:10:     david_orc_2, grunt_tengu_nest
D:11:     ploomutoo_gammafunk_ghost_potion_laboratory, tgw_sif
Temple:   kilobyte_greek_temple

Skill      XL: |  1  2  3  4  5  6  7  8  9 10 |
---------------+-------------------------------+-----
Fighting       | 2 3 4 5 6 7 8 |  8.8
Dodging        | 2 3 4 5 6 7 |  7.3
Spellcasting   | 2 3 4 5 6 7 8 |  8.5
Earth Magic    | 4 6 8 9 |  9.9
Invocations    | 3 4 6 |  6.7
Short Blades   | |  1.0
Hexes          | |  1.2
Evocations     | |  2.1

Action                   |  1- 3 |  4- 6 |  7- 9 | 10-12 || total
-------------------------+-------+-------+-------+-------++-------
Melee: Short sword       |   155 |    95 |   196 |    73 ||   519
       Tailslap          |     9 |    10 |    20 |    13 ||    52
       Unarmed           |       |    12 |       |       ||    12
       Dagger            |       |       |       |    59 ||    59
 Cast: Sandblast         |    13 |    71 |   141 |    10 ||   235
       Stone Arrow       |       |       |    34 |    49 ||    83
       Lee's Rapid Decon |       |       |    11 |    34 ||    45
       Petrify           |       |       |       |    10 ||    10
Invok: Divine Energy     |       |       |     1 |       ||     1
 Abil: Breathe Dispellin |       |       |     1 |       ||     1
Evoke: Wand              |       |       |     2 |     1 ||     3
  Use: Potion            |       |     2 |       |     2 ||     4
       Scroll            |       |       |    13 |     7 ||    20
  Eat: Chunk             |     4 |     8 |    13 |     9 ||    34
       Ration            |       |       |     1 |     4 ||     5
Armor: Skin              |    47 |    82 |   108 |    92 ||   329
Dodge: Dodged            |   103 |    89 |   270 |   179 ||   641

Table legend:
 A = Non-vault XP
 B = Vault XP
 C = Vault XP percentage of total XP
 D = Non-vault monster count
 E = Vault monster count
 F = Vault count percentage of total count
                 A         B        C        D         E       F
            +---------+---------+-------+---------+---------+-------
      Total |   11112 |    2582 |  18.9 |     224 |      19 |   7.8
            +---------+---------+-------+---------+---------+-------
        D:1 |      46 |       0 |   0.0 |      22 |       0 |   0.0
        D:2 |      44 |       0 |   0.0 |      14 |       0 |   0.0
        D:3 |      65 |       0 |   0.0 |      20 |       0 |   0.0
        D:4 |     568 |      71 |  11.1 |      17 |       1 |   5.6
        D:5 |     473 |       0 |   0.0 |      13 |       0 |   0.0
        D:6 |     930 |       0 |   0.0 |      24 |       0 |   0.0
        D:7 |     701 |      37 |   5.0 |      29 |       1 |   3.3
        D:8 |    2268 |    1097 |  32.6 |      24 |       7 |  22.6
        D:9 |    1409 |     370 |  20.8 |      15 |       1 |   6.2
       D:10 |    3875 |    1007 |  20.6 |      37 |       9 |  19.6
       D:11 |     733 |       0 |   0.0 |       9 |       0 |   0.0
            +---------+---------+-------+---------+---------+-------
